Workbook

Sheet 現金　追加
A1: 7月 現金 びわこ 亀岡 追加
A2: 日付 | B2: 用途 | D2: 出金 | F2: 担当 | G2: 備考
A3: １７日 | B3: 消耗品費 | D3: 7798 | E3: 現金 | G3: アヤハディオ 資機材
A4: １８日 | B4: 消耗品費 | D4: 21237 | E4: 現金 | G4: アトリオ 資機材
A5: １９日 | B5: 接待交際費 | D5: 3030 | E5: 現金 | G5: さかもと 手土産
B6: 福利厚生費 | D6: 4669 | E6: 現金 | G6: セブンイレブン 昼食代
C28: 合計 | D28: =SUM(D3:D27) -> 36734 | E28: 株式会社CSILead

Sheet カード別
A1: peipei
A2: 6 | B2: 入金 | C2: 出金 | D2: 残高 | E2: 備考
C3: 15630 | E3: ETC
C4: ='がそりん カード'!D24 -> 0
C5: =SUM(C3:C4) -> 15630
A6: 楽天
A7: 7 | B7: 入金 | C7: 出金 | D7: 残高 | E7: 備考
C8: 19600 | E8: プリンスホテル
C9: ='がそりん カード'!D29 -> 13629 | E9: ガソリン
C10: =SUM(C8:C9) -> 33229
A11: 楽天
A12: 8 | B12: 入金 | C12: 出金 | D12: 残高 | E12: 備考
C13: 34705 | E13: ガソリン
C14: 127700 | E14: ホテル
C15: 45274 | E15: 食事
C16: =SUM(C13:C15) -> 207679 | F16: 207679
A18: ペイペイ
A19: 8 | B19: 入金 | C19: 出金 | D19: 残高 | E19: 備考
C20: 49350 | E20: ETC
C21: 292200 | E21: レンタカー
C22: 219662 | E22: 資機材
C23: {='飲食・飲料 カード'!I9:J9} -> 111951 | D23: 0 | E23: 飲食
C24: ='ホテル カードびわ湖'!D73+'ホテル カードびわ湖'!D79+'ホテル カードびわ湖'!D80 -> 1022996 | E24: ホテル
C25: 12450 | E25: 飲料
C26: =SUM(C20:C25) -> 1708609
A28: ペイペイ
A29: 7 | B29: 入金 | C29: 出金 | D29: 残高 | E29: 備考
C30: 98220 | E30: 飲料
C31: =901273-19600 -> 881673 | E31: ホテル
C32: 251417 | E32: 資機材ネット購入
C33: 315748 | E33: 救護用品
C34: 55440 | E34: レンタカー
C35: 44890 | E35: 交通費
C36: =SUM(C30:C35) -> 1647388
A37: 楽天 | B37: ペイペイ
A38: =C10+C16 -> 240908 | B38: =C26+C36+C5 -> 3371627 | C38: 合計 | D38: =A38+B38 -> 3612535

Sheet 総計祇園
A1: 祇園祭
A2: 現金 | B2: 入金 | C2: 出金 | D2: 残高 | E2: 備考
A3: 45852 | C3: 15800 | E3: 宿泊
C28: =SUM(C3:C27) -> 15800

Sheet 総計亀岡
A1: 亀岡
A2: 現金 | B2: 入金 | C2: 出金 | D2: 残高 | E2: 備考
A3: ７月 | C3: 60000 | E3: 印紙
C4: 2000 | E4: 飲食
C5: 4708 | E5: 資機材
C6: 500 | E6: 交通費
A7: ８月 | C7: 16812 | E7: 燃料費
C8: 153829 | E8: 飲食
C9: 90601 | E9: 資機材
C10: 61407 | E10: その他
C11: 2640 | E11: 交通費
D15: 7月合計 | E15: =C3+C4+C5+C6 -> 67208
D16: ８月合計 | E16: =C7+C8+C9+C10+C11 -> 325289
C26: =SUM(C3:C25) -> 392497

Sheet 総計びわ湖
A1: びわ湖
A2: 現金 | B2: 入金 | C2: 出金 | D2: 残高 | E2: 備考
A3: 7月 556685 | C3: 70372 | E3: 燃料費
C4: 162630 | E4: 資機材
C5: 88401 | E5: 飲食①
C6: 117684 | E6: 飲食②
C7: 6150 | E7: 交通費 | F7: ７月合計
C8: 93067 | E8: 救護用品 | F8: =C3+C4+C5+C6+C7+C8+C9 -> 556685
C9: 18381 | E9: その他
A10: ８月 1758101 | C10: 12450 | E10: 飲料 | F10: ８月合計
C11: 153226 | E11: 燃料費 | F11: =C10+C11+C12+C13+C14+C15+C16+C17+C18+C19+C20+C21 -> 1758101
C12: 203612 | E12: 資機材
C13: 162647 | E13: 飲食①
C14: 329978 | E14: 飲食②
C15: 130078 | E15: 飲食③
C16: 37467 | E16: 救護用品
C17: 19461 | E17: 洗濯（コインランドリー）
C18: 224480 | E18: ㈱中野 氷・ドライアイス
C19: 31280 | E19: 交通費
C20: 395709 | E20: 宿泊費
C21: 57713 | E21: その他
A22: 追加 | C22: 36734
C23: =SUM(C3:C22) -> 2351520

Sheet 総計カード
A1: カード
B2: 用途 | C2: 金額 | D2: カード会社 | E2: 備考
A3: 6月 | B3: ETC | C3: 15630
A4: ７月 | B4: 祇園祭 | C4: 35735 | E4: 三交イン・アパホテル
B5: 宿泊費 | C5: 901273 | E5: びわ湖花火大会
B6: 資機材 | C6: 251417
B7: 飲料ネット購入 | C7: 98220
B8: レンタカー | C8: 55440 | E8: 7月合計
B9: 救護用品 | C9: 315748 | E9: =C4+C5+C6+C7+C8+C9+C10+C11 -> 1716352
B10: 交通費 | C10: 44890
B11: 燃料費 | C11: ='がそりん カード'!D29 -> 13629
A12: ８月 | B12: 宿泊費 | C12: 735756 | E12: びわ湖花火大会
B13: 宿泊費 | C13: 371900 | E13: 亀岡花火大会
B14: 資機材 | C14: 128481 | E14: びわ湖花火大会
B15: レンタカー | C15: 292200
B16: 飲食 | C16: 157225 | E16: ８月びわこ合計
B17: 飲料ネット購入 | C17: 12450 | E17: =C12+C14+C15+C16+C17+C18+C19 -> 1402225
B18: 交通費 | C18: 49350 | E18: びわこ亀岡ETC
B19: 燃料費 | C19: 26763
B20: 資機材 | C20: 91181 | E20: 亀岡
C21: =SUM(C3:C20) -> 3597288
A23: 現金 | B23: びわこ | C23: =総計びわ湖!C23 -> 2351520
A24: 現金 | B24: 亀岡 | C24: =総計亀岡!C26 -> 392497
A25: 現金 | B25: 祇園 | C25: =総計祇園!C28 -> 15800
C26: =SUM(C23:C25) -> 2759817
A29: カード | B29: ６月追加分 | C29: 13576
A30: カード | B30: 7月会社 | C30: =109889+9919 -> 119808
A31: カード | B31: ８月会社 | C31: 242371
A32: カード | B32: びわこ亀岡 | C32: =C21 -> 3597288 | D32: 2000000 | E32: 残金びわこ亀岡のみ↓
C33: =SUM(C29:C32) -> 3973043 | D33: =C33-D32 -> 1973043 | E33: =D33-C29-C30-C31 -> 1597288

Sheet 交通費 現金７月びわ湖
A1: 6月 カード びわ湖 交通費
A2: １６日 | B2: 交通費 | D2: 1630 | F2: ETC
B3: 交通費 | D3: 1630 | F3: ETC
A4: １８日 | B4: 交通費 | D4: 2660 | F4: ETC
B5: 交通費 | D5: 420 | F5: ETC
A6: ２１日 | B6: 交通費 | D6: 2660 | F6: ETC
B7: 交通費 | D7: 770 | F7: ETC
A8: ２３日 | B8: 交通費 | D8: 1630 | F8: ETC
B9: 交通費 | D9: 1370 | F9: ETC
A10: ２４日 | B10: 交通費 | D10: 420 | F10: ETC
A11: ２５日 | B11: 交通費 | D11: 2440 | F11: ETC
D32: =SUM(D2:D11) -> 15630

Sheet ホテル 現金７月びわ湖
A1: 7月 現金 びわ湖 宿泊
A2: ３１日 | B2: 福利厚生費 | D2: 15244 | F2: どーみいん 野乃
D32: =SUM(D2:D6) -> 15244

Sheet ホテル 現金 祇園祭
A1: 7月 現金 祇園祭 宿泊
A2: １４日 | B2: 福利厚生費 | D2: 7900 | F2: 三交いん
A3: １４日 | B3: 福利厚生費 | D3: 7900 | F3: 三交いん
D32: =SUM(D2:D6) -> 15800

Sheet ホテル 現金びわ湖
A1: 8月 現金 びわ湖 宿泊
A2: 1日 | B2: 福利厚生費 | D2: 41741 | E2: 現金 | F2: 琵琶湖ホテル
A3: 6日 | B3: 福利厚生費 | D3: 111720 | E3: 現金 | F3: スーパーホテル大津駅前
A4: 8日 | B4: 福利厚生費 | D4: 127908 | E4: 現金 | F4: ブルーレイク
A5: 8日 | B5: 福利厚生費 | D5: 22000 | E5: 現金 | F5: α1
A6: 8日 | B6: 福利厚生費 | D6: 25440 | E6: 現金 | F6: 京都プラザホテル
A7: １５日 | B7: 福利厚生費 | D7: 66900 | E7: 現金 | F7: 琵琶湖グランドホテル
D30: =SUM(D2:D7) -> 395709

Sheet ホテル 現金
A1: 現金支払い
A2: ８月 | D2: びわこ 宿泊
A4: 1日 | B4: 福利厚生費 | D4: 41741 | E4: 現金 | F4: 琵琶湖ホテル
A5: 6日 | B5: 福利厚生費 | D5: 111720 | E5: 現金 | F5: スーパーホテル大津駅前
A6: 8日 | B6: 福利厚生費 | D6: 127908 | E6: 現金 | F6: ブルーレイク
A7: 8日 | B7: 福利厚生費 | D7: 22000 | E7: 現金 | F7: α1
A8: 8日 | B8: 福利厚生費 | D8: 25440 | E8: 現金 | F8: 京都プラザホテル
A9: １５日 | B9: 福利厚生費 | D9: 66900 | E9: 現金 | F9: 琵琶湖グランドホテル
D10: =SUM(D4:D9) -> 395709
A11: 7月 | D11: 祇園 宿泊
A13: １４日 | B13: 福利厚生費 | D13: 7900 | F13: 三交いん
A14: １４日 | B14: 福利厚生費 | D14: 7900 | F14: 三交いん
D16: =SUM(D13:D15) -> 15800
A17: 7月 | D17: びわこ 宿泊
A19: ３１日 | B19: 福利厚生費 | D19: 15244 | F19: どーみいん 野乃
D21: =SUM(D19:D20) -> 15244

Sheet ホテル カード 亀岡
A1: 8月カード支払 亀岡
A2: １１日 | B2: 福利厚生費 | D2: 71260 | E2: 楽天 | F2: ルートイン亀岡駅前
A3: １２日 | B3: 福利厚生費 | D3: 13400 | E3: 楽天 | F3: ルートイン亀岡駅前
A4: １２日 | B4: 福利厚生費 | D4: 272140 | E4: ペイペイ | F4: サンロイヤル
A5: １５日 | B5: 福利厚生費 | D5: 15100 | E5: ペイペイ | F5: ルートイン亀岡駅前
D31: =SUM(D2:D5) -> 371900
A32: 7月カード支払 祇園祭
A33: １３日 | B33: 福利厚生費 | D33: 5100 | E33: 領収書有 | F33: ブルーレイク
A34: １４日 | B34: 福利厚生費 | D34: 7900 | E34: 領収書有 | F34: さんこういん
A35: １６日 | B35: 福利厚生費 | D35: 22735 | E35: 領収書有 | F35: アパ
D64: =SUM(D33:D63) -> 35735

Sheet ホテル カードびわ湖
A1: ７月カード びわ湖
A2: 日付 | B2: 用途 | C2: 預り金 | D2: 支出金 | F2: 備考
A3: １日 | B3: 福利厚生費 | D3: 11312 | E3: 領収書有 | F3: ドーミーイン京都駅前
A4: 6日 | B4: 福利厚生費 | D4: 17900 | E4: 領収書有 | F4: ネオステーションホテル
B5: 福利厚生費 | D5: 9540 | E5: 領収書有
A6: １１日 | B6: 福利厚生費 | D6: 9300 | E6: 領収書有 | F6: ピアザ
A7: 15日 | B7: 福利厚生費 | D7: 18000 | E7: カード明細 | F7: どーみいん京都駅前
B8: 福利厚生費 | D8: 67750 | E8: カード明細 | F8: Agoda ホテル
A9: １８日 | B9: 福利厚生費 | D9: 15930 | E9: 領収書有 | F9: 花伝抄
A10: ２２日 | B10: 福利厚生費 | D10: 10000 | E10: 領収書有 | F10: アヤハ
B11: 福利厚生費 | D11: 8302 | E11: 領収書有 | F11: ドーミーイン京都駅前
B12: 福利厚生費 | D12: 8302 | E12: 領収書有
A13: ２３日 | B13: 福利厚生費 | D13: 10081 | E13: カード明細 | F13: Expedia ホテル
B14: 福利厚生費 | D14: 7450 | E14: 領収書有 | F14: ホテルルートイン加西
B15: 福利厚生費 | D15: 17600 | E15: 領収書有 | F15: アヤハ
A16: ２４日 | B16: 福利厚生費 | D16: 18810 | E16: 領収書有 | F16: ホテルルートイン加西
B17: 福利厚生費 | D17: 10400 | E17: 領収書有
A18: ２６日 | B18: 福利厚生費 | D18: 25600 | E18: 領収書有 | F18: ホテルルートイン加西
B19: 福利厚生費 | D19: 28240 | E19: 領収書有 | F19: 琵琶湖ホテル
A20: 27日 | B20: 福利厚生費 | D20: 11000 | E20: 領収書有 | F20: ドーミーイン姫路
A21: ２８日 | B21: 福利厚生費 | D21: 34490 | E21: 領収書有 | F21: 東横イン
B22: 福利厚生費 | D22: 11362 | E22: 領収書有 | F22: ブルーレイク
B23: 福利厚生費 | D23: 11160 | E23: 領収書有
A24: ３１日 | B24: 福利厚生費 | D24: 23740 | E24: 領収書有 | F24: 花伝抄
B25: 福利厚生費 | D25: 19600 | E25: 領収書有 | F25: プリンスホテル 楽天
B26: 福利厚生費 | D26: 249500 | E26: 領収書有 | F26: ブルーレイク
B27: 福利厚生費 | D27: 84200 | E27: 領収書有
B28: 福利厚生費 | D28: 35940 | E28: 領収書有
B29: 福利厚生費 | D29: 33940 | E29: 領収書有
B30: 福利厚生費 | D30: 21600 | E30: 領収書有
B31: 福利厚生費 | D31: 15960 | E31: 領収書有
B32: 福利厚生費 | D32: 13700 | E32: 領収書有
B33: 福利厚生費 | D33: 25320 | E33: 領収書有
B34: 福利厚生費 | D34: 15244 | E34: 領収書有 | F34: どーみいん京都野乃
C35: 合計 | D35: =SUM(D3:D34) -> 901273 | E35: 株式会社CSILead
A37: 8月カード びわ湖
A38: 日付 | B38: 用途 | C38: 預り金 | D38: 支出金 | F38: 備考
A39: １日 | B39: 福利厚生費 | D39: 90000 | E39: 領収書有 | F39: α1
B40: 福利厚生費 | D40: 30000 | E40: 領収書有
B41: 福利厚生費 | D41: 11000 | E41: 領収書有
B42: 福利厚生費 | D42: 11000 | E42: 領収書有
B43: 福利厚生費 | D43: 11000 | E43: 領収書有
A44: ２日 | B44: 福利厚生費 | D44: 17193 | E44: カード明細 | F44: Agoda ホテル
B45: 福利厚生費 | D45: 29148 | E45: 領収書有 | F45: 琵琶湖ホテル
B46: 福利厚生費 | D46: 20182 | E46: 領収書有 | F46: ドーミーイン京都駅前
B47: 福利厚生費 | D47: 7000 | E47: 領収書有 | F47: ブルーレイク
A48: ３日 | B48: 福利厚生費 | D48: 16180 | E48: 領収書有 | F48: ピアザ
A49: ４日 | B49: 福利厚生費 | D49: 10268 | E49: 領収書有 | F49: 花伝抄
A50: ５日 | B50: 福利厚生費 | D50: 34200 | E50: 領収書有 | F50: ドーミーイン京都駅前
B51: 福利厚生費 | D51: 3700 | E51: 領収書有 | F51: 花伝抄
A52: ６日 | B52: 福利厚生費 | D52: 5000 | E52: 領収書有 | F52: プリンスホテル
A53: ７日 | B53: 福利厚生費 | D53: 9100 | E53: 領収書有 | F53: ブルーレイク
A54: ８日 | B54: 福利厚生費 | D54: 13320 | E54: 領収書有 | F54: ありストンホテル
A55: ９日 | B55: 福利厚生費 | D55: 32700 | E55: 領収書有 | F55: ブルーレイク
A56: １０日 | B56: 福利厚生費 | D56: 16500 | E56: 領収書有 | F56: ブルーレイク
B57: 福利厚生費 | D57: 11960 | E57: 領収書有
B58: 福利厚生費 | D58: 11000 | E58: 領収書有
A59: １１日 | B59: 福利厚生費 | D59: 29700 | E59: 領収書有 | F59: あがりゃんせ
B60: 福利厚生費 | D60: 13650 | E60: 領収書有 | F60: 東横イン
B61: 福利厚生費 | D61: 22000 | E61: カード明細 | F61: ブルーレイク
B62: 福利厚生費 | D62: 11960 | E62: 領収書有
A63: １３日 | B63: 福利厚生費 | D63: 16500 | E63: 領収書有 | F63: ブルーレイク
A64: １４日 | B64: 福利厚生費 | D64: 23440 | E64: 領収書有 | F64: ことゆう 楽天
A65: １５日 | B65: 福利厚生費 | D65: 66125 | E65: 領収書有 | F65: どーみいん京都駅前
B66: 福利厚生費 | D66: 52800 | E66: 領収書有 | F66: 琵琶湖グランドホテル
A67: １７日 | B67: 福利厚生費 | D67: 9500 | E67: 領収書有 | F67: ホテルテトラ
B68: 福利厚生費 | D68: 9500 | E68: 領収書有
A69: １９日 | B69: 福利厚生費 | D69: 26100 | E69: 領収書有 | F69: ルートイン加西
A70: ２０日 | B70: 福利厚生費 | D70: 19300 | E70: 領収書有 | F70: いこいのむら | H70: =D73-D64-#REF!+D79+D80 -> #REF!
A71: ２３日 | B71: 福利厚生費 | D71: 28620 | E71: 領収書有 | F71: ドーミーイン
B72: 福利厚生費 | D72: 16110 | E72: 領収書有 | F72: ドーミーイン | H72: =D75-D66-#REF!+D81+D82 -> #REF!
C73: 合計 | D73: =SUM(D39:D72) -> 735756 | E73: 株式会社CSILead
A76: 8月カード支払 亀岡
A77: １１日 | B77: 福利厚生費 | D77: 71260 | E77: 楽天 | F77: ルートイン亀岡駅前
A78: １２日 | B78: 福利厚生費 | D78: 13400 | E78: 楽天 | F78: ルートイン亀岡駅前
A79: １２日 | B79: 福利厚生費 | D79: 272140 | E79: ペイペイ | F79: サンロイヤル | G79: =D106-D79-D80 -> 84660
A80: １５日 | B80: 福利厚生費 | D80: 15100 | E80: ペイペイ | F80: ルートイン亀岡駅前
L93: b
D106: =SUM(D77:D80) -> 371900
A107: 7月カード支払 祇園祭
A108: １３日 | B108: 福利厚生費 | D108: 5100 | E108: 領収書有 | F108: ブルーレイク
A109: １４日 | B109: 福利厚生費 | D109: 7900 | E109: 領収書有 | F109: さんこういん
A110: １６日 | B110: 福利厚生費 | D110: 22735 | E110: 領収書有 | F110: アパ
D139: =SUM(D108:D138) -> 35735

Sheet ホテル
A1: ７月 | B1: 花火 | D1: ホテル | H1: paypay
A2: 日付 | B2: 用途 | C2: 預り金 | E2: 支出金 | I2: 備考
A3: １日 | B3: 福利厚生費 | E3: 11312 | F3: 領収書有 | I3: ドーミーイン京都駅前
A4: 6日 | B4: 福利厚生費 | E4: 17900 | F4: 領収書有 | I4: ネオステーションホテル
B5: 福利厚生費 | E5: 9540 | F5: 領収書有
A6: １１日 | B6: 福利厚生費 | E6: 9300 | F6: 領収書有 | I6: ピアザ
A7: １３日 | B7: 福利厚生費 | E7: 5100 | F7: 領収書有 | I7: ブルーレイク
A8: １８日 | B8: 福利厚生費 | E8: 15930 | F8: 領収書有 | I8: 花伝抄
A9: ２２日 | B9: 福利厚生費 | E9: 10000 | F9: 領収書有 | I9: アヤハ
B10: 福利厚生費 | E10: 8302 | F10: 領収書有 | I10: ドーミーイン京都駅前
B11: 福利厚生費 | E11: 8302 | F11: 領収書有
A12: ２３日 | B12: 福利厚生費 | E12: 10081 | F12: カード明細 | I12: Expedia ホテル
B13: 福利厚生費 | E13: 7450 | F13: 領収書有 | I13: ホテルルートイン加西
B14: 福利厚生費 | E14: 17600 | F14: 領収書有 | I14: アヤハ
A15: ２４日 | B15: 福利厚生費 | E15: 18810 | F15: 領収書有 | I15: ホテルルートイン加西
B16: 福利厚生費 | E16: 10400 | F16: 領収書有
A17: ２６日 | B17: 福利厚生費 | E17: 25600 | F17: 領収書有 | I17: ホテルルートイン加西
B18: 福利厚生費 | E18: 28240 | F18: 領収書有 | I18: 琵琶湖ホテル
A19: 27日 | B19: 福利厚生費 | E19: 11000 | F19: 領収書有 | I19: ドーミーイン姫路
A20: ２８日 | B20: 福利厚生費 | E20: 34490 | F20: 領収書有 | I20: 東横イン
B21: 福利厚生費 | E21: 11362 | F21: 領収書有 | I21: ブルーレイク
B22: 福利厚生費 | E22: 11160 | F22: 領収書有
A23: ３１日 | B23: 福利厚生費 | E23: 23740 | F23: 領収書有 | I23: 花伝抄
B24: 福利厚生費 | E24: 249500 | F24: 領収書有 | I24: ブルーレイク
B25: 福利厚生費 | E25: 84200 | F25: 領収書有
B26: 福利厚生費 | E26: 35940 | F26: 領収書有
B27: 福利厚生費 | E27: 33940 | F27: 領収書有
B28: 福利厚生費 | E28: 21600 | F28: 領収書有
B29: 福利厚生費 | E29: 15960 | F29: 領収書有
B30: 福利厚生費 | E30: 13700 | F30: 領収書有
B31: 福利厚生費 | E31: 25320 | F31: 領収書有
C32: 合計 | E32: =SUM(E3:E31) -> 785779 | F32: 株式会社CSILead
A34: ８月 | B34: 花火 | D34: ホテル | H34: paypay
A35: 日付 | B35: 用途 | C35: 預り金 | E35: 支出金 | I35: 備考
A36: １日 | B36: 福利厚生費 | E36: 90000 | F36: 領収書有 | I36: α1
B37: 福利厚生費 | E37: 30000 | F37: 領収書有
B38: 福利厚生費 | E38: 11000 | F38: 領収書有
B39: 福利厚生費 | E39: 11000 | F39: 領収書有
B40: 福利厚生費 | E40: 11000 | F40: 領収書有
A41: ２日 | B41: 福利厚生費 | E41: 29148 | F41: 領収書有 | I41: 琵琶湖ホテル
B42: 福利厚生費 | E42: 20182 | F42: 領収書有 | I42: ドーミーイン京都駅前
B43: 福利厚生費 | E43: 7000 | F43: 領収書有 | I43: ブルーレイク
A44: ３日 | B44: 福利厚生費 | E44: 16180 | F44: 領収書有 | I44: ピアザ
A45: ４日 | B45: 福利厚生費 | E45: 10268 | F45: 領収書有 | I45: 花伝抄
A46: ５日 | B46: 福利厚生費 | E46: 34200 | F46: 領収書有 | I46: ドーミーイン京都駅前
B47: 福利厚生費 | E47: 3700 | F47: 領収書有 | I47: 花伝抄
A48: ６日 | B48: 福利厚生費 | E48: 5000 | F48: 領収書有 | I48: プリンスホテル
A49: ７日 | B49: 福利厚生費 | E49: 9100 | F49: 領収書有 | I49: ブルーレイク
A50: ８日 | B50: 福利厚生費 | E50: 13320 | F50: 領収書有 | I50: ありストンホテル
A51: ９日 | B51: 福利厚生費 | E51: 32700 | F51: 領収書有 | I51: ブルーレイク
A52: １０日 | B52: 福利厚生費 | E52: 16500 | F52: 領収書有 | I52: ブルーレイク
B53: 福利厚生費 | E53: 11960 | F53: 領収書有
B54: 福利厚生費 | E54: 11000 | F54: 領収書有
B55: 福利厚生費 | E55: 5500 | F55: 領収書有
A56: １１日 | B56: 福利厚生費 | E56: 29700 | F56: 領収書有 | I56: あがりゃんせ
B57: 福利厚生費 | E57: 13650 | F57: 領収書有 | I57: 東横イン
B58: 福利厚生費 | E58: 22000 | F58: カード明細 | I58: ブルーレイク
B59: 福利厚生費 | E59: 11960 | F59: 領収書有
B60: 福利厚生費 | E60: 7200 | F60: カード明細
A61: １２日 | B61: 福利厚生費 | E61: 16500 | F61: 領収書有 | I61: ブルーレイク
A62: 15日 | B62: 福利厚生費 | E62: 66125 | F62: 領収書有 | I62: どーみいん京都駅前
B63: 福利厚生費 | E63: 52800 | F63: 領収書有 | I63: 琵琶湖グランドホテル
A64: １７日 | B64: 福利厚生費 | E64: 9500 | F64: 領収書有 | I64: ホテルテトラ
B65: 福利厚生費 | E65: 9500 | F65: 領収書有
A66: １９日 | B66: 福利厚生費 | E66: 26100 | F66: 領収書有 | I66: ルートイン加西
A67: ２０日 | B67: 福利厚生費 | E67: 19300 | F67: 領収書有 | I67: いこいのむら
C68: 合計 | E68: =SUM(E36:E67) -> 663093 | F68: 株式会社CSILead
A71: ７月 楽天 | E71: びわこ 宿泊
A73: ３１日 | B73: 福利厚生費 | E73: 19600 | F73: 楽天 | I73: プリンスホテル9800×2
E74: =SUM(E73) -> 19600
A77: ８月 楽天 | E77: 亀岡 宿泊
A79: １１日 | B79: 福利厚生費 | E79: 78180 | I79: ルートイン亀岡駅前
A80: １２日 | B80: 福利厚生費 | E80: 13400 | I80: ルートイン亀岡駅前
A81: １４日 | B81: 福利厚生費 | E81: 23440 | I81: ことゆう
E82: =SUM(E79:E81) -> 115020
A85: 8月 ペイペイ | E85: 亀岡 宿泊
A87: １２日 | B87: 福利厚生費 | E87: 272140 | F87: 楽天 | I87: サンロイヤル
E88: =SUM(E87) -> 272140
A91: 7月 楽天 | E91: ぎおん 宿泊
A93: １４日 | B93: 福利厚生費 | E93: 7900 | I93: さんこういん
A94: １６日 | B94: 福利厚生費 | E94: 22735 | I94: アパ
B95: 福利厚生費
E96: =SUM(E93:E95) -> 30635
A111: ８月 現金 | E111: びわこ 宿泊
C112: ８月
A113: 1日 | B113: 福利厚生費 | E113: 41741 | F113: 現金 | I113: 琵琶湖ホテル
A114: 8日 | B114: 福利厚生費 | E114: 22000 | F114: 現金 | I114: α1
A115: 8日 | B115: 福利厚生費 | E115: 25440 | F115: 現金 | I115: 京都プラザホテル
A116: １５日 | B116: 福利厚生費 | E116: 66900 | F116: 現金 | I116: 琵琶湖グランドホテル
A117: １６日 | B117: 福利厚生費 | E117: 15100 | F117: 現金 | I117: ホテルルートイン京都
E118: =SUM(E113:E117) -> 171181
A119: 7月 現金 | E119: 祇園 宿泊
A121: １４日 | B121: 福利厚生費 | E121: 7900 | I121: 三交いん
A122: １４日 | B122: 福利厚生費 | E122: 7900 | I122: 三交いん
E124: =SUM(E121:E123) -> 15800
A126: 7月 現金 | E126: びわこ 宿泊
C127: ７月
A128: ３１日 | B128: 福利厚生費 | E128: 15244 | I128: どーみいん 野乃
E131: =SUM(E128:E130) -> 15244

Sheet 洗濯
A1: ８月 現金 びわ湖 洗 濯
A2: 日付 | B2: 用途 | D2: 出金 | F2: 担当 | G2: 備考
A3: ２日 | B3: 福利厚生費 | D3: 5661 | E3: 現金
A4: ４日 | B4: 福利厚生費 | D4: 1400 | E4: 現金
A5: ５日 | B5: 福利厚生費 | D5: 1000 | E5: 現金
B6: 福利厚生費 | D6: 1000 | E6: 現金
A7: ６日 | B7: 福利厚生費 | D7: 1400 | E7: 現金
A8: ７日 | B8: 福利厚生費 | D8: 1400 | E8: 現金
A9: 11日 | B9: 福利厚生費 | D9: 1000 | E9: 現金
B10: 福利厚生費 | D10: 1000 | E10: 現金
A11: １２日 | B11: 福利厚生費 | D11: 1400 | E11: 現金
A12: １３日 | B12: 福利厚生費 | D12: 1400 | E12: 現金
A13: 14日 | B13: 福利厚生費 | D13: 1400 | E13: 現金
A14: １５日 | B14: 福利厚生費 | D14: 1400 | E14: 現金
C28: 合計 | D28: =SUM(D3:D27) -> 19461 | E28: 株式会社CSILead

Sheet 氷
A1: ８月 現金 株式会社中野 氷・ドライアイス
A2: 日付 | B2: 用途 | C2: 預り金 | D2: 支出金 | F2: 備考
A3: 8日 | B3: 消耗品費 | D3: 48900 | E3: 現金 | F3: 中野
B4: 消耗品費 | D4: 30440 | E4: 現金 | F4: 中野
B5: 消耗品費 | D5: 66672 | E5: 現金 | F5: 中野
B6: 消耗品費 | D6: 78468 | E6: 現金 | F6: 中野
C31: 合計 | D31: =SUM(D3:D30) -> 224480 | E31: 株式会社CSILead

Sheet その他
A1: 7月 現金 びわ湖 その他
A2: 日付 | B2: 用途 | C2: 預り金 | D2: 支出金 | F2: 備考
A3: ３日 | B3: 通信費 | D3: 800 | E3: 現金 | F3: 印紙代
A4: ２４日 | B4: 通信費 | D4: 2000 | E4: 現金 | F4: 印紙代
A5: 27日 | B5: 福利厚生費 | D5: 3597 | E5: 現金 | F5: しまむら
B6: 福利厚生費 | D6: 3300 | E6: 現金 | F6: ダイソー
B7: 福利厚生費 | D7: 220 | E7: 現金 | F7: ダイソー
B8: 福利厚生費 | D8: 990 | E8: 現金 | F8: ダイソー
B9: 福利厚生費 | D9: 330 | E9: 現金 | F9: ダイソー
A10: ３０日 | B10: 福利厚生費 | D10: 1780 | E10: 現金 | F10: GU
B11: 福利厚生費 | D11: 3657 | E11: 現金 | F11: イオン
A12: ３１日 | B12: 消耗品費 | D12: 1707 | E12: 現金 | F12: 原田 文具
E13: 現金
E14: 現金
E15: 現金
E16: 現金
E17: 現金
E18: 現金
E19: 現金
E20: 現金
E21: 現金
E22: 現金
E23: 現金
E24: 現金
... E28: 現金
C29: 合計 | D29: =SUM(D3:D28) -> 18381 | E29: 株式会社CSILead
A31: 8月 現金 びわ湖 その他
A32: 日付 | B32: 用途 | C32: 預り金 | D32: 支出金 | F32: 備考
A33: ４日 | B33: 福利厚生費 | D33: 8811 | E33: 現金 | F33: しまむら
B34: 通信費 | D34: 430 | E34: 現金 | F34: レターパック
B35: 消耗品費 | D35: 2970 | E35: 現金 | F35: セリア
A36: ５日 | B36: 福利厚生費 | D36: 1100 | E36: 現金 | F36: ダイソー
B37: 通信費 | D37: 5600 | E37: 現金 | F37: 切手代
B38: 通信費 | D38: 8000 | E38: 現金 | F38: 印紙代
A39: ６日 | B39: 通信費 | D39: 5600 | E39: 現金 | F39: 切手代
A40: 7日 | B40: 通信費 | D40: 600 | E40: 現金 | F40: レターパック
A41: １５日 | B41: 福利厚生費 | D41: 2728 | E41: 現金 | F41: しまむら
B42: 福利厚生費 | D42: 11924 | E42: 現金 | F42: しまむら
A43: １６日 | B43: 福利厚生費 | D43: 7490 | E43: 現金 | F43: 花伝抄 手土産代
A44: １８日 | B44: 福利厚生費 | D44: 40 | E44: 現金 | F44: 切手代
A45: ２５日 | B45: 通信費 | D45: 2420 | E45: 現金 | F45: 送料
E46: 現金
E47: 現金
E48: 現金
E49: 現金
E50: 現金
E51: 現金
E52: 現金
E53: 現金
E54: 現金
E55: 現金
E56: 現金
C57: 合計 | D57: =SUM(D33:D56) -> 57713 | E57: 株式会社CSILead

Sheet 救護用品 カード
A1: 7月 カード びわ湖 救護用品
A2: 日付 | B2: 用途 | C2: 預り金 | D2: 支出金 | F2: 備考
A3: １２日 | B3: 消耗品費 | D3: 7093 | E3: カード | F3: アイスノン
B4: 消耗品費 | D4: 11565 | E4: カード | F4: アイスノン
B5: 消耗品費 | D5: 11565 | E5: カード | F5: アイスノン
B6: 消耗品費 | D6: 11565 | E6: カード | F6: アイスノン
A7: １５日 | B7: 消耗品費 | D7: 27100 | E7: カード | F7: 瞬間冷却
A8: ２４日 | B8: 消耗品費 | D8: 38722 | E8: カード | F8: OS1
A9: ２６日 | B9: 消耗品費 | D9: 16500 | E9: カード | F9: バスタオル
B10: 消耗品費 | D10: 33210 | E10: カード | F10: OS1
B11: 消耗品費 | D11: 5700 | E11: カード | F11: フェイスタオル
B12: 消耗品費 | D12: 27550 | E12: カード | F12: 毛布
B13: 消耗品費 | D13: 8280 | E13: カード | F13: 毛布
B14: 消耗品費 | D14: 23340 | E14: カード | F14: タオルケット
B15: 消耗品費 | D15: 30020 | E15: カード | F15: タオルケット
B16: 消耗品費 | D16: 31280 | E16: カード | F16: 血圧計
B17: 消耗品費 | D17: 3726 | E17: カード | F17: アルミシート
B18: 消耗品費 | D18: 10980 | E18: カード | F18: 大判バスタオル
B19: 消耗品費 | D19: 8634 | E19: カード | F19: Tシャツ
A20: ２８日 | B20: 消耗品費 | D20: 3520 | E20: カード | F20: 人工呼吸マスク
A21: ３０日 | B21: 消耗品費 | D21: 5398 | E21: カード | F21: 大判バスタオル
C27: 合計 | D27: =SUM(D3:D26) -> 315748

Sheet 救護用品
A1: 7月 現金 びわ湖 救護用品
A2: 日付 | B2: 用途 | C2: 預り金 | D2: 支出金 | F2: 備考
A3: １１日 | B3: 消耗品費 | D3: 8429 | E3: 現金 | F3: ジャパン 熱中症対策用品
A4: １１日 | B4: 消耗品費 | D4: 1980 | E4: 現金 | F4: ダイソー
A5: 14日 | B5: 消耗品費 | D5: 9790 | E5: 現金 | F5: 水
B6: 消耗品費 | D6: 14685 | E6: 現金 | F6: 水
B7: 消耗品費 | D7: 3630 | E7: 現金 | F7: ダイソー
B8: 消耗品費 | D8: 3294 | E8: 現金 | F8: ダイソー
B9: 消耗品費 | D9: 17665 | E9: 現金 | F9: スギ薬局
A10: ２８日 | B10: 消耗品費 | D10: 1320 | E10: 現金 | F10: セリア
B11: 消耗品費 | D11: 14740 | E11: 現金 | F11: セリア
B12: 消耗品費 | D12: 1214 | E12: 現金 | F12: ウェルシア
B13: 消耗品費 | D13: 1318 | E13: 現金 | F13: ダイソー
B14: 消耗品費 | D14: 5666 | E14: 現金 | F14: コスモス
B15: 消耗品費 | D15: 3392 | E15: 現金 | F15: イオン
A16: 29日 | B16: 消耗品費 | D16: 770 | E16: 現金 | F16: ダイソー
B17: 消耗品費 | D17: 1258 | E17: 現金 | F17: コスモス
B18: 消耗品費 | D18: 2311 | E18: 現金 | F18: ダイソー
B19: 消耗品費 | D19: 660 | E19: 現金 | F19: ダイソー
A20: ３０日 | B20: 消耗品費 | D20: 945 | E20: 現金 | F20: 業務スーパー熱中症対策氷
B21: 消耗品費 | E21: 現金
B22: 消耗品費 | E22: 現金
B23: 消耗品費 | E23: 現金
B24: 消耗品費 | E24: 現金
B25: 消耗品費 | E25: 現金
B26: 消耗品費 | E26: 現金
B27: 消耗品費 | E27: 現金
B28: 消耗品費 | E28: 現金
C29: 合計 | D29: =SUM(D3:D28) -> 93067
A30: 8月 現金 びわ湖 救護用品
A31: 日付 | B31: 用途 | C31: 預り金 | D31: 支出金 | F31: 備考
A32: 4日 | B32: 消耗品費 | D32: 4552 | E32: 現金 | F32: サンドラッグ 追加救護用品
A33: 6日 | B33: 消耗品費 | D33: 4559 | E33: 現金 | F33: スギ薬局 追加救護用品
B34: 消耗品費 | D34: 990 | E34: 現金 | F34: ダイソー 追加救護用品
B35: 消耗品費 | D35: 7780 | E35: 現金 | F35: サンドラッグ 追加救護用品
B36: 消耗品費 | D36: 4582 | E36: 現金 | F36: サンドラッグ 追加救護用品
B37: 消耗品費 | D37: 5500 | E37: 現金 | F37: ミーツ 追加救護用品
B38: 消耗品費 | D38: 6052 | E38: 現金 | F38: スギ薬局 追加救護用品
A39: ７日 | B39: 消耗品費 | D39: 3452 | E39: 現金 | F39: ウェルシア
B40: 消耗品費 | E40: 現金
B41: 消耗品費 | E41: 現金
B42: 消耗品費 | E42: 現金
B43: 消耗品費 | E43: 現金
B44: 消耗品費 | E44: 現金
B45: 消耗品費 | E45: 現金
B46: 消耗品費 | E46: 現金
B47: 消耗品費 | E47: 現金
B48: 消耗品費 | E48: 現金
B49: 消耗品費 | E49: 現金
B50: 消耗品費 | E50: 現金
B51: 消耗品費 | E51: 現金
... B58: 消耗品費 | E58: 現金
C59: 合計 | D59: =SUM(D32:D58) -> 37467
A60: 7月 カード びわ湖 救護用品
A61: 日付 | B61: 用途 | C61: 預り金 | D61: 支出金 | F61: 備考
A62: １２日 | B62: 消耗品費 | D62: 7093 | E62: カード | F62: アイスノン
B63: 消耗品費 | D63: 11565 | E63: カード | F63: アイスノン
B64: 消耗品費 | D64: 11565 | E64: カード | F64: アイスノン
B65: 消耗品費 | D65: 11565 | E65: カード | F65: アイスノン
A66: １５日 | B66: 消耗品費 | D66: 27100 | E66: カード | F66: 瞬間冷却
A67: ２４日 | B67: 消耗品費 | D67: 38722 | E67: カード | F67: OS1
A68: ２６日 | B68: 消耗品費 | D68: 16500 | E68: カード | F68: バスタオル
B69: 消耗品費 | D69: 33210 | E69: カード | F69: OS1
B70: 消耗品費 | D70: 5700 | E70: カード | F70: フェイスタオル
B71: 消耗品費 | D71: 27550 | E71: カード | F71: 毛布
B72: 消耗品費 | D72: 8280 | E72: カード | F72: 毛布
B73: 消耗品費 | D73: 23340 | E73: カード | F73: タオルケット
B74: 消耗品費 | D74: 30020 | E74: カード | F74: タオルケット
B75: 消耗品費 | D75: 31280 | E75: カード | F75: 血圧計
B76: 消耗品費 | D76: 3726 | E76: カード | F76: アルミシート
B77: 消耗品費 | D77: 10980 | E77: カード | F77: 大判バスタオル
B78: 消耗品費 | D78: 8634 | E78: カード | F78: Tシャツ
A79: ２８日 | B79: 消耗品費 | D79: 6329 | E79: カード | F79: 人工呼吸マスク
A80: ３０日 | B80: 消耗品費 | D80: 5398 | E80: カード | F80: 大判バスタオル
C86: 合計 | D86: =SUM(D62:D85) -> 318557

Sheet 車両関係 カード
A1: 8月 カード びわ湖 レンタカー
A2: 日付 | B2: 用途 | C2: 預り金 | D2: 支出金 | F2: 備考
A3: ４日 | B3: 交通費 | D3: 232300 | E3: カード | F3: 日邦レンタカー
A4: １３日 | B4: 交通費 | D4: 59900 | E4: カード | F4: 日邦レンタカー
C30: 合計 | D30: =SUM(D3:D29) -> 292200 | E30: 株式会社CSILead
A32: 7月 カード びわ湖 レンタカー
A33: 日付 | B33: 用途 | C33: 預り金 | D33: 支出金 | F33: 備考
A34: １８日 | B34: 車両費 | D34: 15180 | E34: カード | F34: ステップ
A35: ２２日 | B35: 車両費 | D35: 40260 | E35: カード | F35: ステップ
C60: 合計 | D60: =SUM(D34:D59) -> 55440 | E60: 株式会社CSILead
A61: 7月カード びわ湖 交通費
A62: 日付 | B62: 用途 | C62: 預り金 | D62: 支出金 | F62: 備考
A63: 1日 | B63: 交通費 | D63: 2660 | E63: 明細 | F63: ETC
A64: ２日 | B64: 交通費 | D64: 420 | E64: 明細 | F64: ETC
A65: ３日 | B65: 交通費 | D65: 1630 | E65: 明細 | F65: ETC
A66: ３日 | B66: 交通費 | D66: 1370 | E66: 明細 | F66: ETC
A67: ４日 | B67: 交通費 | D67: 3290 | E67: 明細 | F67: ETC
B68: 交通費 | D68: 3290 | E68: 明細 | F68: ETC
A69: ９日 | B69: 交通費 | D69: 1370 | E69: 明細 | F69: ETC
B70: 交通費 | D70: 1370 | E70: 明細 | F70: ETC
A71: １３日 | B71: 交通費 | D71: 1360 | E71: 明細 | F71: ETC
B72: 交通費 | D72: 1180 | E72: 明細 | F72: ETC
A73: 14日 | B73: 交通費 | D73: 490 | E73: 明細 | F73: ETC
A74: １５日 | B74: 交通費 | D74: 1630 | E74: 明細 | F74: ETC
B75: 交通費 | D75: 1370 | E75: 明細 | F75: ETC
A76: １７日 | B76: 交通費 | D76: 2660 | E76: 明細 | F76: ETC
A77: １８日 | B77: 交通費 | D77: 3530 | E77: 明細 | F77: ETC
B78: 交通費 | D78: 3290 | E78: 明細 | F78: ETC
B79: 交通費 | D79: 1500 | E79: 明細 | F79: ETC
B80: 交通費 | D80: 1370 | E80: 明細 | F80: ETC
B81: 交通費 | D81: 1310 | E81: 明細 | F81: ETC
A82: ２３日 | B82: 交通費 | D82: 1740 | E82: 明細 | F82: ETC
B83: 交通費 | D83: 1310 | E83: 明細 | F83: ETC
B84: 交通費 | D84: 490 | E84: 明細 | F84: ETC
A85: ３０日 | B85: 交通費 | D85: 1630 | E85: 明細 | F85: ETC
B86: 交通費 | D86: 1630 | E86: 明細 | F86: ETC
A87: ３１日 | B87: 交通費 | D87: 1630 | E87: 明細 | F87: ETC
B88: 交通費 | D88: 1370 | E88: 明細 | F88: ETC
C89: 合計 | D89: =SUM(D63:D88) -> 44890 | E89: 株式会社CSILead
A92: 8月カード びわこ 交通費
A93: 日付 | B93: 用途 | C93: 預り金 | D93: 支出金 | F93: 備考
A94: 1日 | B94: 交通費 | D94: 3610 | E94: 明細 | F94: ETC
B95: 交通費 | D95: 3530 | E95: 明細 | F95: ETC
B96: 交通費 | D96: 1370 | E96: 明細 | F96: ETC
B97: 交通費 | D97: 1370 | E97: 明細 | F97: ETC
A98: ２日 | B98: 交通費 | D98: 2330 | E98: 明細 | F98: ETC
B99: 交通費 | D99: 120 | E99: 明細 | F99: ETC
A100: 3日 | B100: 交通費 | D100: 1360 | E100: 明細 | F100: ETC
B101: 交通費 | D101: 1180 | E101: 明細 | F101: ETC
A102: 5日 | B102: 交通費 | D102: 1500 | E102: 明細 | F102: ETC
B103: 交通費 | D103: 1480 | E103: 明細 | F103: ETC
B104: 交通費 | D104: 1370 | E104: 明細 | F104: ETC
B105: 交通費 | D105: 420 | E105: 明細 | F105: ETC
A106: 9日 | B106: 交通費 | D106: 1370 | E106: 明細 | F106: ETC
A107: １２日 | B107: 交通費 | D107: 3290 | E107: 明細 | F107: ETC
B108: 交通費 | D108: 1050 | E108: 明細 | F108: ETC
B109: 交通費 | D109: 120 | E109: 明細 | F109: ETC
A110: １３日 | B110: 交通費 | D110: 3180 | E110: 明細 | F110: ETC
B111: 交通費 | D111: 3070 | E111: 明細 | F111: ETC
A112: １４日 | B112: 交通費 | D112: 3440 | E112: 明細 | F112: ETC
B113: 交通費 | D113: 3070 | E113: 明細 | F113: ETC
A114: １５日 | B114: 交通費 | D114: 3780 | E114: 明細 | F114: ETC
B115: 交通費 | D115: 120 | E115: 明細 | F115: ETC
B116: 交通費 | D116: 3540 | E116: 領収書
A117: １６日 | B117: 交通費 | D117: 3680 | E117: 領収書
C122: 合計 | D122: =SUM(D94:D121) -> 49350 | E122: 株式会社CSILead

Sheet 車両関係
A1: 7月 現金 びわ湖 交通費
A2: 日付 | B2: 用途 | C2: 預り金 | D2: 支出金 | F2: 備考
A3: 14日 | B3: 交通費 | D3: 1160 | E3: 現金 | F3: JR乗車券
B4: 交通費 | D4: 440 | E4: 現金 | F4: 乗車券
B5: 交通費 | D5: 500 | E5: 現金 | F5: 駐車料金
B6: 交通費 | D6: 400 | E6: 現金 | F6: 駐車料金
A7: １６日 | B7: 交通費 | D7: 1000 | E7: 現金 | F7: 駐車料金
B8: 交通費 | D8: 1000 | E8: 現金 | F8: 駐車料金
A9: 27日 | B9: 交通費 | D9: 400 | E9: 現金 | F9: 駐車料金
A10: 29日 | B10: 交通費 | D10: 1000 | E10: 現金 | F10: 駐車料金
A11: ３１日 | B11: 交通費 | D11: 250 | E11: 現金 | F11: 駐車料金
E12: 現金
E13: 現金
E14: 現金
E15: 現金
E16: 現金
E17: 現金
E18: 現金
E19: 現金
E20: 現金
E21: 現金
E22: 現金
E23: 現金
... E29: 現金
C30: 合計 | D30: =SUM(D3:D29) -> 6150 | E30: 株式会社CSILead
A31: 8月 カード びわ湖 レンタカー
A32: 日付 | B32: 用途 | C32: 預り金 | D32: 支出金 | F32: 備考
A33: ４日 | B33: 交通費 | D33: 232300 | E33: カード | F33: 日邦レンタカー
A34: １３日 | B34: 交通費 | D34: 59900 | E34: カード | F34: 日邦レンタカー
C60: 合計 | D60: =SUM(D33:D59) -> 292200 | E60: 株式会社CSILead
A62: 7月 カード びわ湖 レンタカー
A63: 日付 | B63: 用途 | C63: 預り金 | D63: 支出金 | F63: 備考
A64: １８日 | B64: 車両費 | D64: 15180 | E64: カード | F64: ステップ
A65: ２２日 | B65: 車両費 | D65: 40260 | E65: カード | F65: ステップ
C89: 合計 | D89: =SUM(D64:D88) -> 55440 | E89: 株式会社CSILead
A91: 8月 現金 びわ湖 交通費
A92: 日付 | B92: 用途 | C92: 預り金 | D92: 支出金 | F92: 備考
A93: １日 | B93: 交通費 | D93: 500 | E93: 現金 | F93: 駐車料金
B94: 交通費 | D94: 500 | E94: 現金 | F94: 駐車料金
A95: ２日 | B95: 交通費 | D95: 100 | E95: 現金 | F95: 駐車料金
B96: 交通費 | D96: 300 | E96: 現金 | F96: 駐車料金
B97: 交通費 | D97: 1000 | E97: 現金 | F97: 駐車料金
A98: ３日 | B98: 交通費 | D98: 500 | E98: 現金 | F98: 駐車料金
A99: ６日 | B99: 交通費 | D99: 200 | E99: 現金 | F99: 駐車料金
B100: 交通費 | D100: 800 | E100: 現金 | F100: 駐車料金
B101: 交通費 | D101: 200 | E101: 現金 | F101: 駐車料金
B102: 交通費 | D102: 200 | E102: 現金 | F102: 駐車料金
B103: 交通費 | D103: 800 | E103: 現金 | F103: 駐車料金
B104: 交通費 | D104: 300 | E104: 現金 | F104: 駐車料金
B105: 交通費 | D105: 600 | E105: 現金 | F105: 駐車料金
B106: 交通費 | D106: 300 | E106: 現金 | F106: 駐車料金
A107: ７日 | B107: 交通費 | D107: 300 | E107: 現金 | F107: 駐車料金
A108: ８日 | B108: 交通費 | D108: 2000 | E108: 現金 | F108: 駐車料金
B109: 交通費 | D109: 750 | E109: 現金 | F109: 駐車料金
B110: 交通費 | D110: 520 | E110: 現金 | F110: 高速料金
B111: 交通費 | D111: 630 | E111: 現金 | F111: 高速料金
B112: 交通費 | D112: 1350 | E112: 現金 | F112: 駐車料金
B113: 交通費 | D113: 1500 | E113: 現金 | F113: 駐車料金
B114: 交通費 | D114: 400 | E114: 現金 | F114: 駐車料金
B115: 交通費 | D115: 1500 | E115: 現金 | F115: 駐車料金
A116: 9日 | B116: 交通費 | D116: 200 | E116: 現金 | F116: 駐車料金
B117: 交通費 | D117: 700 | E117: 現金 | F117: 駐車料金
B118: 交通費 | D118: 500 | E118: 現金 | F118: 駐車料金
A119: １２日 | B119: 交通費 | D119: 500 | E119: 現金 | F119: 駐車料金
B120: 交通費 | D120: 1580 | E120: 現金 | F120: 高速料金
A121: １３日 | B121: 交通費 | D121: 300 | E121: 現金 | F121: 駐車料金
B122: 交通費 | D122: 900 | E122: 現金 | F122: 駐車料金
B123: 交通費 | D123: 600 | E123: 現金 | F123: 駐車料金
B124: 交通費 | D124: 2300 | E124: 現金 | F124: 駐車料金
B125: 交通費 | D125: 1100 | E125: 現金 | F125: 駐車料金
B126: 交通費 | D126: 300 | E126: 現金 | F126: 駐車料金
B127: 交通費 | D127: 1100 | E127: 現金 | F127: 駐車料金
B128: 交通費 | D128: 1650 | E128: 現金 | F128: 駐車料金
B129: 交通費 | D129: 1100 | E129: 現金 | F129: 駐車料金
A130: 14日 | B130: 交通費 | D130: 3200 | E130: 現金 | F130: 駐車料金
A131: 15日 | B131: 交通費 | D131: 3540 | E131: 現金 | F131: 駐車料金
A132: １６日 | B132: 交通費 | D132: 3680 | E132: 現金 | F132: 駐車料金
C133: 合計 | D133: =SUM(D93:D132) -> 38500 | E133: 株式会社CSILead
A165: 6月 現金 びわ湖 交通費
A166: 日付 | B166: 用途 | C166: 預り金 | D166: 支出金 | F166: 備考
A167: １６日 | B167: 交通費 | D167: 1630
B168: 交通費 | D168: 1630
A169: １８日 | B169: 交通費 | D169: 2660
B170: 交通費 | D170: 420
A171: 21日 | B171: 交通費 | D171: 2660
B172: 交通費 | D172: 770
A173: ２３日 | B173: 交通費 | D173: 1630
B174: 交通費 | D174: 1370
A175: ２４日 | B175: 交通費 | D175: 420
A176: ２５日 | B176: 交通費 | D176: 2440
C195: 合計 | D195: =SUM(D167:D194) -> 15630 | E195: 株式会社CSILead

Sheet 飲食・飲料 カード
A1: 8月 カード びわ湖 飲 食
A2: 日付 | B2: 用途 | C2: 預り金 | D2: 支出金 | F2: 担当 | G2: 備考
A3: ２日 | B3: 福利厚生費 | D3: 63000 | E3: 領収書 | F3: ペイペイ | G3: ブルーレイク食事代
A4: ９日 | B4: 福利厚生費 | D4: 39204 | E4: 領収書 | F4: ペイペイ | G4: 牛角
B5: 福利厚生費 | D5: 6747 | E5: 領収書 | F5: ペイペイ | G5: アヤハディオ
A6: １４日 | B6: 福利厚生費 | D6: 15560 | E6: 領収書 | F6: 楽天 | G6: 雄琴あがりゃんせ夕食代
A7: １５日 | B7: 福利厚生費 | D7: 28553 | E7: 領収書 | F7: 楽天 | G7: バロー 昼食代
B8: 福利厚生費 | D8: 1161 | E8: 明細 | F8: 楽天 | G8: バロー 飲食代
A9: １６日 | B9: 福利厚生費 | D9: 3000 | E9: 領収書 | F9: ペイペイ | G9: ホテルテトラ朝食代 | I9: =D30-D7-D6-D8 -> 111951
C30: 合計 | D30: =SUM(D3:D29) -> 157225
A31: 8月 カード びわ湖 飲 料
A32: ４日 | B32: 福利厚生費 | D32: 9280 | E32: 領収書 | F32: 飲料 ヨドバシ
B33: 福利厚生費 | D33: 3170 | E33: 領収書 | F33: 飲料 ヨドバシ
B34: 福利厚生費
B35: 福利厚生費
B36: 福利厚生費
B37: 福利厚生費
B38: 福利厚生費
B39: 福利厚生費
B40: 福利厚生費
B41: 福利厚生費
B42: 福利厚生費
B43: 福利厚生費
B44: 福利厚生費
B45: 福利厚生費
... B58: 福利厚生費
C59: 合計 | D59: =SUM(D32:D58) -> 12450 | E59: 株式会社CSILead
A60: 7月 カード びわ湖 飲 料
A61: ２４日 | B61: 福利厚生費 | D61: 50760 | E61: 領収書 | F61: 飲料 ヨドバシ
B62: 福利厚生費 | D62: 16040 | E62: 領収書 | F62: 飲料 ヨドバシ
A63: ２６日 | B63: 福利厚生費 | D63: 9598 | E63: 領収書 | F63: 飲料
B64: 福利厚生費 | D64: 17922 | E64: 領収書 | F64: 飲料
B65: 福利厚生費 | D65: 3900 | E65: 領収書 | F65: 飲料
C88: 合計 | D88: =SUM(D61:D87) -> 98220 | E88: 株式会社CSILead

Sheet 飲食・飲料
A1: 7月 現金 ① びわ湖 飲 食
A2: 日付 | B2: 用途 | C2: 預り金 | D2: 支出金 | F2: 備考
A3: 11日 | B3: 福利厚生費 | D3: 3940 | E3: 現金 | F3: びっくりドンキー
B4: 福利厚生費 | D4: 1000 | E4: 現金 | F4: 宝塚北SA
B5: 福利厚生費 | D5: 4460 | E5: 現金 | F5: にぎり長次郎膳所
A6: 14日 | B6: 福利厚生費 | D6: 1350 | E6: 現金 | F6: 来来亭
B7: 福利厚生費 | D7: 2460 | E7: 現金 | F7: 麺や虎鉄２名
B8: 福利厚生費 | D8: 5953 | E8: 現金 | F8: ジョイフル６名
A9: １５日 | B9: 福利厚生費 | D9: 590 | E9: 現金 | F9: なか卯
B10: 福利厚生費 | D10: 450 | E10: 現金 | F10: なか卯
B11: 福利厚生費 | D11: 650 | E11: 現金 | F11: なか卯
A12: １６日 | B12: 福利厚生費 | D12: 1870 | E12: 現金 | F12: すきや２名
B13: 福利厚生費 | D13: 3800 | E13: 現金 | F13: めんきや
A14: １７日 | B14: 福利厚生費 | D14: 1150 | E14: 現金 | F14: 宝塚北SA
B15: 福利厚生費 | D15: 4020 | E15: 現金 | F15: ずんどう屋２名
A16: １８日 | B16: 福利厚生費 | D16: 660 | E16: 現金 | F16: 松屋
B17: 福利厚生費 | D17: 890 | E17: 現金 | F17: 松屋
A18: １９日 | B18: 福利厚生費 | D18: 2780 | E18: 現金 | F18: 内橋ラーメン
B19: 福利厚生費 | D19: 6952 | E19: 現金 | F19: うまいもん横丁
A20: ２０日 | B20: 福利厚生費 | D20: 980 | E20: 現金 | F20: 桂川PA
A21: ２２日 | B21: 福利厚生費 | D21: 3624 | E21: 現金 | F21: ファミリーマート
B22: 福利厚生費 | D22: 9922 | E22: 現金 | F22: 牛角
B23: 福利厚生費 | D23: 2280 | E23: 現金 | F23: 大阪王将
A24: ２３日 | B24: 福利厚生費 | D24: 10615 | E24: 現金 | F24: すしかんた
B25: 福利厚生費 | D25: 3950 | E25: 現金 | F25: 湖の駅 浜大津店
A26: ２４日 | B26: 福利厚生費 | D26: 1190 | E26: 現金 | F26: スターバックス
B27: 福利厚生費 | D27: 7733 | E27: 現金 | F27: 炉端かば５名
B28: 福利厚生費 | D28: 2942 | E28: 現金 | F28: セブンイレブン
B29: 福利厚生費 | D29: 2190 | E29: 現金 | F29: 丸亀
D30: =SUM(D3:D29) -> 88401
A31: 7月 現金 ② びわ湖 飲 食
A32: ２５日 | B32: 福利厚生費 | D32: 2767 | E32: 現金 | F32: 焼肉特急
B33: 福利厚生費 | D33: 1880 | E33: 現金 | F33: すきや
A34: ２６日 | B34: 福利厚生費 | D34: 2660 | E34: 現金 | F34: ココ壱番屋
B35: 福利厚生費 | D35: 2673 | E35: 現金 | F35: ラーメン八角
B36: 福利厚生費 | D36: 5310 | E36: 現金 | F36: ほっともっと
A37: 27日 | B37: 福利厚生費 | D37: 9240 | E37: 現金 | F37: 酒楽７名
A38: ２８日 | B38: 福利厚生費 | D38: 5105 | E38: 現金 | F38: 和食さと４名
B39: 福利厚生費 | D39: 2700 | E39: 現金 | F39: 笑仁３名
B40: 福利厚生費 | D40: 2180 | E40: 現金 | F40: ずんどう屋２名
A41: 29日 | B41: 福利厚生費 | D41: 2504 | E41: 現金 | F41: ハローズ
B42: 福利厚生費 | D42: 12396 | E42: 現金 | F42: 業務スーパー
B43: 福利厚生費 | D43: 429 | E43: 現金 | F43: ローソン
B44: 福利厚生費 | D44: 889 | E44: 現金 | F44: イオン
B45: 福利厚生費 | D45: 17070 | E45: 現金 | F45: アヤハディオ
B46: 福利厚生費 | D46: 1912 | E46: 現金 | F46: ローソン
B47: 福利厚生費 | D47: 1046 | E47: 現金 | F47: セブンイレブン
A48: ３０日 | B48: 福利厚生費 | D48: 3450 | E48: 現金 | F48: リアン
B49: 福利厚生費 | D49: 1082 | E49: 現金 | F49: 吉野家
B50: 福利厚生費 | D50: 290 | E50: 現金 | F50: ローソン
B51: 福利厚生費 | D51: 2904 | E51: 現金 | F51: 八角３名
B52: 福利厚生費 | D52: 1125 | E52: 現金 | F52: 吉野家
A53: ３１日 | B53: 福利厚生費 | D53: 2550 | E53: 現金 | F53: リアン
B54: 福利厚生費 | D54: 1596 | E54: 現金 | F54: セブンイレブン
B55: 福利厚生費 | D55: 2266 | E55: 現金 | F55: 牛角
B56: 福利厚生費 | D56: 1016 | E56: 現金 | F56: バロー
B57: 福利厚生費 | D57: 4571 | E57: 現金 | F57: イオン
B58: 福利厚生費 | D58: 18521 | E58: 現金 | F58: アヤハディオ
B59: 福利厚生費 | D59: 4554 | E59: 現金 | F59: 餃子の王将
B60: 福利厚生費 | D60: 1459 | E60: 現金 | F60: ファミリーマート
B61: 福利厚生費 | D61: 1540 | E61: 現金 | F61: モスバーガー
C62: 合計 | D62: =SUM(D32:D61) -> 117685 | E62: 株式会社CSILead
A63: 8月 現金① びわ湖 飲 食
A64: 日付 | B64: 用途 | C64: 預り金 | D64: 支出金 | F64: 備考
A65: １日 | B65: 福利厚生費 | D65: 1309 | E65: 現金 | F65: ハローズ
B66: 福利厚生費 | D66: 2560 | E66: 現金 | F66: すきや3名
B67: 福利厚生費 | D67: 2929 | E67: 現金 | F67: 吉野家３名
B68: 福利厚生費 | D68: 2000 | E68: 現金 | F68: MILESTONE
B69: 福利厚生費 | D69: 2256 | E69: 現金 | F69: ローソン
B70: 福利厚生費 | D70: 3440 | E70: 現金 | F70: コメダ珈琲
B71: 福利厚生費 | D71: 6426 | E71: 現金 | F71: スギ薬局
A72: ２日 | B72: 福利厚生費 | D72: 6741 | E72: 現金 | F72: ダイレックス
B73: 福利厚生費 | D73: 10755 | E73: 現金 | F73: くら寿司
B74: 福利厚生費 | D74: 2000 | E74: 現金 | F74: MILESTONE
B75: 福利厚生費 | D75: 3083 | E75: 現金 | F75: モテナス
B76: 福利厚生費 | D76: 6409 | E76: 現金 | F76: ラ・ムー
A77: ３日 | B77: 福利厚生費 | D77: 27412 | E77: 現金 | F77: 焼肉いちばん６名
B78: 福利厚生費 | D78: 7251 | E78: 現金 | F78: ラ・ムー
B79: 福利厚生費 | D79: 3927 | E79: 現金 | F79: DenverPremium
B80: 福利厚生費 | D80: 4312 | E80: 現金 | F80: イオン
B81: 福利厚生費 | D81: 11053 | E81: 現金 | F81: ラ・ムー
B82: 福利厚生費 | D82: 2727 | E82: 現金 | F82: 業務スーパー
A83: ４日 | B83: 福利厚生費 | D83: 2717 | E83: 現金 | F83: イオン
B84: 福利厚生費 | D84: 13220 | E84: 現金 | F84: くら寿司
B85: 福利厚生費 | D85: 2266 | E85: 現金 | F85: ココ壱番屋２名
B86: 福利厚生費 | D86: 7711 | E86: 現金 | F86: ラ・ムー
B87: 福利厚生費 | D87: 483 | E87: 現金 | F87: セブンイレブン
B88: 福利厚生費 | D88: 3835 | E88: 現金 | F88: びっくりドンキー
B89: 福利厚生費 | D89: 3515 | E89: 現金 | F89: 和食さと
B90: 福利厚生費 | D90: 4552 | E90: 現金 | F90: サンドラッグ
B91: 福利厚生費 | D91: 2050 | E91: 現金 | F91: MILESTONE
B92: 福利厚生費 | D92: 3835 | E92: 現金 | F92: びっくりドンキー
B93: 福利厚生費 | D93: 6558 | E93: 現金 | F93: アヤハディオ
B94: 福利厚生費 | D94: 5315 | E94: 現金 | F94: 業務スーパー
C95: 合計 | D95: =SUM(D65:D94) -> 162647 | E95: 株式会社CSILead
A96: 8月 現金② びわ湖 飲 食
A97: 日付 | B97: 用途 | C97: 預り金 | D97: 支出金 | F97: 備考
A98: ５日 | B98: 福利厚生費 | D98: 2690 | E98: 現金 | F98: ほっともっと
B99: 福利厚生費 | D99: 2064 | E99: 現金 | F99: ラ・ムー
B100: 福利厚生費 | D100: 17500 | E100: 現金 | F100: アトリオ
...

Sheet 資機材 カード
A2: 7月 カード びわ湖 資 機 材
A3: 日付 | B3: 用途 | C3: 預り金 | D3: 支出金 | F3: 備考
A4: １７日 | B4: 消耗品費 | D4: 10440 | E4: 領収書 | F4: PPロープ
B5: 消耗品費 | D5: 139000 | E5: 領収書 | F5: 遮光ネット
A6: ２４日 | B6: 消耗品費 | D6: 3490 | E6: 領収書 | F6: 結束バンド
B7: 消耗品費 | D7: 8320 | E7: 領収書 | F7: 電池
B8: 消耗品費 | D8: 7770 | E8: 領収書 | F8: 養生テープ
B9: 消耗品費 | D9: 9100 | E9: 領収書 | F9: PPロープ
A10: ２６日 | B10: 消耗品費 | D10: 4562 | E10: 領収書 | F10: トイレットペーパー
A11: ２８日 | B11: 消耗品費 | D11: 9116 | E11: 領収書 | F11: 電池
A12: ３１日 | B12: 消耗品費 | D12: 3180 | E12: 領収書 | F12: メガホン２個
B13: 消耗品費 | D13: 1590 | E13: 領収書 | F13: メガホン
B14: 消耗品費 | D14: 1590 | E14: 領収書 | F14: メガホン
B15: 消耗品費 | D15: 1590 | E15: 領収書 | F15: メガホン
B16: 消耗品費 | D16: 31500 | E16: 領収書 | F16: ブルーシート
B17: 消耗品費 | D17: 20169 | E17: 明細 | F17: ジュンテンドー加西店
C30: 合計 | D30: =SUM(D4:D17) -> 251417 | E30: 株式会社CSILead
A31: 8月 カード びわ湖 資 機 材
A32: 日付 | B32: 用途 | C32: 預り金 | D32: 支出金 | F32: 備考
A33: 1日 | B33: 消耗品費 | D33: 2659 | E33: 領収書 | F33: 空気入れ
A34: ２日 | B34: 消耗品費 | D34: 10767 | E34: 領収書 | F34: クーラーボックス
B35: 消耗品費 | D35: 16946 | E35: 領収書
B36: 消耗品費 | D36: 11893 | E36: 領収書
A37: ４日 | B37: 消耗品費 | D37: 11048 | E37: 領収書 | F37: クーラーボックス
B38: 消耗品費 | D38: 33144 | E38: 領収書
A39: ６日 | B39: 消耗品費 | D39: 42024 | E39: 領収書 | F39: アヤハディオ 遮光ネット
C59: 合計 | D59: =SUM(D33:D58) -> 128481 | E59: 株式会社CSILead

Sheet 資機材
A1: 7月 現金 びわ湖 資 機 材
A2: 日付 | B2: 用途 | C2: 預り金 | D2: 支出金 | F2: 備考
A3: ７日 | B3: 消耗品費 | D3: 6695 | E3: 現金 | F3: ジュンテンドー
A4: 9日 | B4: 消耗品費 | D4: 24200 | E4: 現金 | F4: 紅善
A5: １２日 | B5: 消耗品費 | D5: 756 | E5: 現金 | F5: ジュンテンドー
B6: 消耗品費 | D6: 6100 | E6: 現金 | F6: コーナン
B7: 消耗品費 | D7: 19688 | E7: 現金 | F7: ジュンテンドー
A8: 14日 | B8: 消耗品費 | D8: 3379 | E8: 現金 | F8: ジュンテンドー
A9: １６日 | B9: 消耗品費 | D9: 3829 | E9: 現金 | F9: コーナン
B10: 消耗品費 | D10: 2153 | E10: 現金 | F10: コーナン
A11: １７日 | B11: 消耗品費 | D11: 2258 | E11: 現金 | F11: コーナン
A12: １９日 | B12: 消耗品費 | D12: 2360 | E12: 現金 | F12: ジュンテンドー
B13: 消耗品費 | D13: 770 | E13: 現金 | F13: メガドンキ
A14: ２２日 | B14: 消耗品費 | D14: 848 | E14: 現金 | F14: ジュンテンドー
A15: ２５日 | B15: 消耗品費 | D15: 9077 | E15: 現金 | F15: ジュンテンドー
B16: 消耗品費 | D16: 3154 | E16: 現金 | F16: コーナン
B17: 消耗品費 | D17: 16440 | E17: 現金 | F17: コーナン
B18: 消耗品費 | D18: 975 | E18: 現金 | F18: ジュンテンドー
A19: ２６日 | B19: 消耗品費 | D19: 3744 | E19: 現金 | F19: コーナン
B20: 消耗品費 | D20: 16864 | E20: 現金 | F20: コーナン
A21: 27日 | B21: 消耗品費 | D21: 25767 | E21: 現金 | F21: コーナン
A22: ２８日 | B22: 消耗品費 | D22: 5684 | E22: 現金 | F22: ジュンテンドー
A23: 29日 | B23: 消耗品費 | D23: 5742 | E23: 現金 | F23: コーナン
A24: ３０日 | B24: 消耗品費 | D24: 544 | E24: 現金 | F24: アヤハディオ
B25: 消耗品費 | D25: 1603 | E25: 現金 | F25: アヤハディオ
E26: 現金
E27: 現金
E28: 現金
E29: 現金
E30: 現金
E31: 現金
E32: 現金
E33: 現金
C34: 合計 | D34: =SUM(D3:D33) -> 162630 | E34: 株式会社CSILead
A35: 8月 現金 びわ湖 資 機 材
A36: 日付 | B36: 用途 | C36: 預り金 | D36: 支出金 | F36: 備考
A37: １日 | B37: 消耗品費 | D37: 2346 | E37: 現金 | F37: スギ薬局 氷
B38: 消耗品費 | D38: 2940 | E38: 現金 | F38: ユタカ 氷
B39: 消耗品費 | D39: 4167 | E39: 現金 | F39: イオン 氷
A40: ２日 | B40: 消耗品費 | D40: 5661 | E40: 現金 | F40: ジョイあおやま
B41: 消耗品費 | D41: 2376 | E41: 現金 | F41: アヤハディオ
A42: ３日 | B42: 消耗品費 | D42: 4114 | E42: 現金 | F42: コーナン
B43: 消耗品費 | D43: 9878 | E43: 現金 | F43: アヤハディオ
B44: 消耗品費 | D44: 3146 | E44: 現金 | F44: アヤハディオ
A45: ４日 | B45: 消耗品費 | D45: 849 | E45: 現金 | F45: サンドラッグ
B46: 消耗品費 | D46: 24466 | E46: 現金 | F46: アヤハディオ
A47: ５日 | B47: 消耗品費 | D47: 7656 | E47: 現金 | F47: コーナン
B48: 消耗品費 | D48: 12038 | E48: 現金 | F48: アヤハディオ
A49: ６日 | B49: 消耗品費 | D49: 2194 | E49: 現金 | F49: アヤハディオ
B50: 消耗品費 | D50: 3291 | E50: 現金 | F50: アヤハディオ
A51: ７日 | B51: 消耗品費 | D51: 7216 | E51: 現金 | F51: アヤハディオ
B52: 消耗品費 | D52: 17996 | E52: 現金 | F52: コーナン
B53: 消耗品費 | D53: 5476 | E53: 現金 | F53: コーナン
B54: 消耗品費 | D54: 22115 | E54: 現金 | F54: コーナン
B55: 消耗品費 | D55: 8316 | E55: 現金 | F55: コーナン
B56: 消耗品費 | D56: 15674 | E56: 現金 | F56: アヤハディオ
A57: 9日 | B57: 消耗品費 | D57: 4963 | E57: 現金 | F57: アヤハディオ
B58: 消耗品費 | D58: 2490 | E58: 現金 | F58: ニトリ
A59: 10日 | B59: 消耗品費 | D59: 15048 | E59: 現金 | F59: コーナン
B60: 消耗品費 | D60: 2928 | E60: 現金 | F60: コーナン
B61: 消耗品費 | D61: 6518 | E61: 現金 | F61: アヤハディオ
A62: １９日 | B62: 消耗品費 | D62: 9086 | E62: 現金 | F62: コーナン
A63: ２０日 | B63: 消耗品費 | D63: 664 | E63: 現金 | F63: アヤハディオ
E64: 現金
E65: 現金
C66: 合計 | D66: =SUM(D37:D65) -> 203612 | E66: 株式会社CSILead
A68: 7月 カード びわ湖 資 機 材
A69: 日付 | B69: 用途 | C69: 預り金 | D69: 支出金 | F69: 備考
A70: １７日 | B70: 消耗品費 | D70: 10440 | E70: 領収書 | F70: PPロープ
B71: 消耗品費 | D71: 139000 | E71: 領収書 | F71: 遮光ネット
A72: ２４日 | B72: 消耗品費 | D72: 3490 | E72: 領収書 | F72: 結束バンド
B73: 消耗品費 | D73: 8320 | E73: 領収書 | F73: 電池
B74: 消耗品費 | D74: 7770 | E74: 領収書 | F74: 養生テープ
B75: 消耗品費 | D75: 9100 | E75: 領収書 | F75: PPロープ
A76: ２６日 | B76: 消耗品費 | D76: 4562 | E76: 領収書 | F76: トイレットペーパー
A77: ２８日 | B77: 消耗品費 | D77: 9116 | E77: 領収書 | F77: 電池
A78: ３１日 | B78: 消耗品費 | D78: 3180 | E78: 領収書 | F78: メガホン２個
B79: 消耗品費 | D79: 1590 | E79: 領収書 | F79: メガホン
B80: 消耗品費 | D80: 1590 | E80: 領収書 | F80: メガホン
B81: 消耗品費 | D81: 1590 | E81: 領収書 | F81: メガホン
B82: 消耗品費 | D82: 31500 | E82: 領収書 | F82: ブルーシート
B83: 消耗品費 | D83: 2659 | E83: 領収書 | F83: 電動空気入れ
B84: 消耗品費 | D84: 20169 | E84: 明細 | F84: ジュンテンドー加西店
E85: 現金
E86: 現金
E87: 現金
E88: 現金
E89: 現金
E90: 現金
E91: 現金
E92: 現金
E93: 現金
E94: 現金
E95: 現金
C96: 合計 | D96: =SUM(D70:D84) -> 254076 | E96: 株式会社CSILead
A97: 8月 カード びわ湖 資 機 材
A98: 日付 | B98: 用途 | C98: 預り金 | D98: 支出金 | F98: 備考
A99: ２日 | B99: 消耗品費 | D99: 10767 | E99: 領収書 | F99: クーラーボックス
B100: 消耗品費 | D100: 16946 | E100: 領収書
B101: 消耗品費 | D101: 11893 | E101: 領収書
...

Sheet がそりん カード
A1: ７月 びわ湖 燃 料 費
A2: 日付 | B2: 用途 | C2: 預り金 | D2: 支出金 | F2: 備考
A3: １５日 | B3: 燃料費 | D3: 4504 | E3: カード | F3: 楽天
A4: ２３日 | B4: 燃料費 | D4: 4828 | E4: カード | F4: 楽天
A5: ３１日 | B5: 燃料費 | D5: 4297 | E5: カード | F5: 楽天
C29: 合計 | D29: =SUM(D3:D21) -> 13629 | E29: 株式会社CSILead
A30: 8月 びわ湖 燃 料 費
A31: 日付 | B31: 用途 | C31: 預り金 | D31: 支出金 | F31: 備考
A32: 2日 | B32: 燃料費 | D32: 4440 | E32: 明細
A33: １０日 | B33: 燃料費 | D33: 3890 | E33: 明細
A34: １４日 | B34: 燃料費 | D34: 3388 | E34: 明細
A35: ２１日 | B35: 燃料費 | D35: 2627 | E35: 明細
A36: 24日 | B36: 燃料費 | D36: 5687 | E36: 領収書
A37: ２８日 | B37: 燃料費 | D37: 6731 | E37: 領収書
C65: 合計 | D65: =SUM(D32:D64) -> 26763 | E65: 株式会社CSILead

Sheet がそりん
A1: ７月 現金 びわ湖 燃 料 費
A2: 日付 | B2: 用途 | C2: 預り金 | D2: 支出金 | F2: 備考
A3: １日 | B3: 燃料費 | D3: 4000 | E3: 現金
B4: 燃料費 | D4: 2000 | E4: 現金
A5: 5日 | B5: 燃料費 | D5: 3000 | E5: 現金
A6: 9日 | B6: 燃料費 | D6: 2000 | E6: 現金
A7: 10日 | B7: 燃料費 | D7: 4005 | E7: 現金
B8: 燃料費 | D8: 2800 | E8: 現金
A9: １４日 | B9: 燃料費 | D9: 5000 | E9: 現金
B10: 燃料費 | D10: 3749 | E10: 現金
A11: １７日 | B11: 燃料費 | D11: 6650 | E11: 現金
A12: １８日 | B12: 燃料費 | D12: 1401 | E12: 現金
A13: 22日 | B13: 燃料費 | D13: 3156 | E13: 現金
B14: 燃料費 | D14: 2160 | E14: 現金
A15: ２３日 | B15: 燃料費 | D15: 3999 | E15: 現金
A16: ２４日 | B16: 燃料費 | D16: 3510 | E16: 現金
A17: ２５日 | B17: 燃料費 | D17: 6583 | E17: 現金
A18: 29日 | B18: 燃料費 | D18: 4500 | E18: 現金
A19: ３０日 | B19: 燃料費 | D19: 3539 | E19: 現金
A20: ３１日 | B20: 燃料費 | D20: 6698 | E20: 現金
B21: 燃料費 | D21: 1622 | E21: 現金
E22: 現金
E23: 現金
E24: 現金
E25: 現金
E26: 現金
E27: 現金
E28: 現金
C29: 合計 | D29: =SUM(D3:D21) -> 70372 | E29: 株式会社CSILead
A30: 8月 現金 びわ湖 燃 料 費
A31: 日付 | B31: 用途 | C31: 預り金 | D31: 支出金 | F31: 備考
A32: １日 | B32: 燃料費 | D32: 6850 | E32: 現金
A33: 2日 | B33: 燃料費 | D33: 3777 | E33: 現金
B34: 燃料費 | D34: 1520 | E34: 現金
A35: 3日 | B35: 燃料費 | D35: 3222 | E35: 現金
A36: ４日 | B36: 燃料費 | D36: 3000 | E36: 現金
A37: ５日 | B37: 燃料費 | D37: 2940 | E37: 現金
B38: 燃料費 | D38: 5600 | E38: 現金
A39: ７日 | B39: 燃料費 | D39: 4469 | E39: 現金
B40: 燃料費 | D40: 3731 | E40: 現金
B41: 燃料費 | D41: 4743 | E41: 現金
B42: 燃料費 | D42: 3868 | E42: 現金
A43: ８日 | B43: 燃料費 | D43: 2913 | E43: 現金
A44: ９日 | B44: 燃料費 | D44: 3149 | E44: 現金
B45: 燃料費 | D45: 5071 | E45: 現金
A46: 10日 | B46: 燃料費 | D46: 2724 | E46: 現金
B47: 燃料費 | D47: 3696 | E47: 現金
B48: 燃料費 | D48: 1622 | E48: 現金
B49: 燃料費 | D49: 6130 | E49: 現金
A50: １２日 | B50: 燃料費 | D50: 4604 | E50: 現金
B51: 燃料費 | D51: 10576 | E51: 現金
A52: １３日 | B52: 燃料費 | D52: 6870 | E52: 現金
B53: 燃料費 | D53: 3638 | E53: 現金
B54: 燃料費 | D54: 791 | E54: 現金
B55: 燃料費 | D55: 3032 | E55: 現金
A56: 14日 | B56: 燃料費 | D56: 2000 | E56: 現金
A57: １５日 | B57: 燃料費 | D57: 4160 | E57: 現金
B58: 燃料費 | D58: 5000 | E58: 現金
B59: 燃料費 | D59: 2000 | E59: 現金
A60: １６日 | B60: 燃料費 | D60: 5912 | E60: 現金
B61: 燃料費 | D61: 4345 | E61: 現金
A62: １８日 | B62: 燃料費 | D62: 7038 | E62: 現金
A63: 21日 | B63: 燃料費 | D63: 8095 | E63: 現金
A64: 22日 | B64: 燃料費 | D64: 5929 | E64: 現金
A65: ２３日 | B65: 燃料費 | D65: 4524 | E65: 現金
A66: 24日 | B66: 燃料費 | D66: 5687 | E66: 現金
C67: 合計 | D67: =SUM(D32:D66) -> 153226 | E67: 株式会社CSILead

Sheet 亀岡その他
A1: 8月 現金 亀岡 その他
A2: 日付 | B2: 用途 | C2: 預り金 | D2: 支出金 | G2: 備考
A3: 10日 | B3: 福利厚生費 | D3: 3380 | E3: 現金 | G3: セブンイレブン 雨具
A4: 11日 | B4: 福利厚生費 | D4: 32340 | E4: 現金 | G4: チヨダ 靴
B5: 福利厚生費 | D5: 25250 | E5: 現金 | G5: ユニクロ 着替え
B6: 消耗品費 | D6: 437 | E6: 現金 | G6: フレッシュバザール ゴミ袋
C30: 合計 | D30: =SUM(D3:D29) -> 61407
A31: 7月 現金 亀岡 その他
A32: 日付 | B32: 用途 | C32: 預り金 | D32: 支出金 | G32: 備考
A33: １２日 | B33: 通信費 | D33: 60000 | E33: 現金 | G33: 印紙代
C60: 合計 | D60: =SUM(D33:D59) -> 60000

Sheet 亀岡飲食飲料
A1: 8月 現金 亀岡 飲 食
A2: 日付 | B2: 用途 | C2: 預り金 | D2: 支出金 | F2: 備考
A3: 3日 | B3: 福利厚生費 | D3: 1486 | E3: 現金 | F3: ファミリーマート
A4: 10日 | B4: 福利厚生費 | D4: 150 | E4: 現金 | F4: 無双心亀岡店
B5: 福利厚生費 | D5: 1000 | E5: 現金 | F5: 無双心亀岡店
B6: 福利厚生費 | D6: 1600 | E6: 現金 | F6: 無双心亀岡店
B7: 福利厚生費 | D7: 1000 | E7: 現金 | F7: 無双心亀岡店
B8: 福利厚生費 | D8: 1000 | E8: 現金 | F8: 無双心亀岡店
B9: 福利厚生費 | D9: 2885 | E9: 現金 | F9: 餃子の王将
B10: 福利厚生費 | D10: 3390 | E10: 現金 | F10: トイダック
B11: 福利厚生費 | D11: 4583 | E11: 現金 | F11: マツモト大井南店
B12: 福利厚生費 | D12: 4392 | E12: 現金 | F12: ローソン
B13: 福利厚生費 | D13: 3209 | E13: 現金 | F13: ローソン
B14: 福利厚生費 | D14: 352 | E14: 現金 | F14: セブンイレブン
B15: 福利厚生費 | D15: 3213 | E15: 現金 | F15: ファミリーマート
A16: 11日 | B16: 福利厚生費 | D16: 1559 | E16: 現金 | F16: ローソン
B17: 福利厚生費 | D17: 2180 | E17: 現金 | F17: マクドナルド
B18: 福利厚生費 | D18: 19084 | E18: 現金 | F18: ほっともっと
B19: 福利厚生費 | D19: 5460 | E19: 現金 | F19: フレッシュバザール
B20: 福利厚生費 | D20: 14952 | E20: 現金 | F20: ほっともっと
B21: 福利厚生費 | D21: 6610 | E21: 現金 | F21: ほっともっと
B22: 福利厚生費 | D22: 15900 | E22: 現金 | F22: ほっともっと
B23: 福利厚生費 | D23: 18190 | E23: 現金 | F23: ほっともっと
B24: 福利厚生費 | D24: 16990 | E24: 現金 | F24: ほっともっと
B25: 福利厚生費 | D25: 5631 | E25: 現金 | F25: フレッシュバザール
B26: 福利厚生費 | D26: 5525 | E26: 現金 | F26: セブンイレブン
A27: １２日 | B27: 福利厚生費 | D27: 745 | E27: 現金 | F27: マツモト
B28: 福利厚生費 | D28: 6242 | E28: 現金 | F28: マツモト
B29: 福利厚生費 | D29: 2801 | E29: 現金 | F29: 桂川PAモテナス
B30: 福利厚生費 | D30: 3700 | E30: 現金 | F30: 辛慶うどん
C31: 合計 | D31: =SUM(D3:D30) -> 153829
A32: 7月 現金 亀岡 飲 食
A33: 日付 | B33: 用途 | C33: 預り金 | D33: 支出金 | F33: 備考
A34: 45868 | B34: 福利厚生費 | D34: 2000 | E34: 現金 | F34: コメダ珈琲
B35: 福利厚生費
B36: 福利厚生費
B37: 福利厚生費
B38: 福利厚生費
B39: 福利厚生費
B40: 福利厚生費
B41: 福利厚生費
B42: 福利厚生費
B43: 福利厚生費
B44: 福利厚生費
B45: 福利厚生費
B46: 福利厚生費
... B59: 福利厚生費
D60: =SUM(D34:D35) -> 2000

Sheet 亀岡車両関係
A1: 8月 現金 亀岡 交通費
A2: 日付 | B2: 用途 | C2: 預り金 | D2: 支出金 | F2: 備考
A3: 45872 | B3: 交通費 | D3: 200 | E3: 現金 | F3: 駐車料金
A4: 45879 | B4: 交通費 | D4: 1440 | E4: 現金 | F4: 高速料金
A5: 45880 | B5: 交通費 | D5: 500 | E5: 現金 | F5: 駐車料金
A6: 45880 | B6: 交通費 | D6: 500 | E6: 現金 | F6: 駐車料金
C30: 合計 | D30: =SUM(D3:D22) -> 2640
A31: 7月 現金 亀岡 交通費
A32: 日付 | B32: 用途 | C32: 預り金 | D32: 支出金 | F32: 備考
A33: 45869 | B33: 交通費 | D33: 500 | F33: 駐車料金
C60: 合計 | D60: =SUM(D33:D59) -> 500
C88: 合計 | D88: =SUM(D74:D87) -> 0 | E88: 株式会社CSILead

Sheet Sheet1

Sheet 亀岡ガソリン
A1: 8月 現金 亀岡 燃料費
A2: 日付 | B2: 用途 | C2: 預り金 | D2: 支出金 | F2: 備考
A3: 45878 | B3: 燃料費 | D3: 1870 | E3: 現金
B4: 燃料費 | D4: 3425 | E4: 現金
A5: 45879 | B5: 燃料費 | D5: 2780 | E5: 現金
B6: 燃料費 | D6: 453 | E6: 現金
B7: 燃料費 | D7: 4785 | E7: 現金
B8: 燃料費 | D8: 2399 | E8: 現金
A9: 45881 | B9: 燃料費 | D9: 1100 | E9: 現金
C28: 合計 | D28: =SUM(D3:D27) -> 16812 | E28: 株式会社CSILead

Sheet 亀岡資機材 カード
A1: 8月 カード 亀岡 資機材
A2: 日付 | B2: 用途 | C2: 預り金 | D2: 支出金 | F2: 備考
A3: ７日 | B3: 消耗品費 | D3: 91181 | E3: カード | F3: ケーズデンキ モニター
C31: 合計 | D31: =SUM(D3:D30) -> 91181 | E31: 株式会社CSILead

Sheet 亀岡資機材
A1: 8月 現金 亀岡 資機材
A2: 日付 | B2: 用途 | C2: 預り金 | D2: 支出金 | F2: 備考
A3: 45878 | B3: 消耗品費 | D3: 4700 | E3: 現金 | F3: コーナン
B4: 消耗品費 | D4: 1628 | E4: 現金 | F4: コーナン
B5: 消耗品費 | D5: 4902 | E5: 現金 | F5: コーナン
A6: 45879 | B6: 消耗品費 | D6: 20160 | E6: 現金 | F6: アヤハディオ
B7: 消耗品費 | D7: 4956 | E7: 現金 | F7: カインズ
B8: 消耗品費 | D8: 2178 | E8: 現金 | F8: コーナン
B9: 消耗品費 | D9: 15960 | E9: 現金 | F9: カインズ
B10: 消耗品費 | D10: 20960 | E10: 現金 | F10: エディオン
A11: 11日 | B11: 消耗品費 | D11: 2835 | E11: 現金 | F11: コーナン
A12: １２日 | B12: 消耗品費 | D12: 3194 | E12: 現金 | F12: ウェルシア
B13: 消耗品費 | D13: 9128 | E13: 現金 | F13: カインズ
C30: 合計 | D30: =SUM(D3:D13) -> 90601 | E30: 株式会社CSILead
A31: 7月 現金 亀岡 資機材
A32: 日付 | B32: 用途 | C32: 預り金 | D32: 支出金 | F32: 備考
A33: １８日 | B33: 消耗品費 | D33: 4708 | E33: 現金 | F33: コーナン
C61: 合計 | D61: =SUM(D33:D57) -> 4708 | E61: 株式会社CSILead
